 Dungeon Crawl Stone Soup version 0.22-a0-619-ga0c6fd2 (webtiles) character file.

3388 pk666 the Thaumaturge (level 9, -4/45 HPs)
             Began as a Deep Elf Fire Elementalist on July 15, 2018.
             Was a Follower of Vehumet.
             Slain by a killer bee (6 damage)
             ... on level 8 of the Dungeon.
             The game lasted 00:22:21 (8399 turns).

pk666 the Thaumaturge (Deep Elf Fire Elementalist)  Turns: 8399, Time: 00:22:21

Health: -4/45      AC:  6    Str:  5    XL:     9   Next: 74%
Magic:  5/25       EV: 13    Int: 29    God:    Vehumet [*.....]
Gold:   345        SH:  0    Dex: 18    Spells: 16/29 levels left

rFire    . . .     SeeInvis .   w - staff of wizardry
rCold    . . .     Gourm    .   (no shield)
rNeg     . . .     Faith    .   p - +0 robe (curse)
rPois    .         Spirit   .   (no helmet)
rElec    .         Reflect  .   (no cloak)
rCorr    .         Harm     .   t - +2 pair of gloves {Dex+3}
MR       ++...                  a - +0 pair of boots
Stlth    ++........             j - amulet of magic regeneration
HPRegen  0.15/turn              (no ring)
MPRegen  0.44/turn              (no ring)

@: brilliant, lethally poisoned (-4 -> -15), hasted, very quick
A: talons 1, magic resistance 2, wild magic 1
a: Renounce Religion


You were on level 8 of the Dungeon.
You worshipped Vehumet.
Vehumet was aware of your devotion.
You were very hungry.

You visited 2 branches of the dungeon, and saw 9 of its levels.

You collected 345 gold pieces.

Inventory:

Armour
 a - a +0 pair of boots (worn)
 p - a cursed +0 robe (worn)
 t - a +2 pair of gloves of dexterity (worn)
Magical Staves
 w - an uncursed staff of wizardry (weapon)
 x - an uncursed staff of air
Jewellery
 j - an amulet of magic regeneration (around neck)
Wands
 r - a wand of flame (62)
Scrolls
 b - 7 scrolls of amnesia {unknown}
 d - a scroll of fog {unknown}
 f - a scroll of random uselessness {unknown}
 g - 2 scrolls of enchant armour {unknown}
 i - 5 scrolls of teleportation {unknown}
 m - a scroll of noise {unknown}
 n - 2 scrolls of magic mapping {unknown}
 q - a scroll of blinking {unknown}
 s - a scroll of immolation {unknown}
 u - 2 scrolls of identify {unknown}
 v - a scroll of remove curse {unknown}
Potions
 e - a potion of might {unknown}
 h - a potion of haste
 k - 2 potions of mutation
 l - a potion of brilliance
 o - a potion of degeneration {unknown}
Comestibles
 c - 14 rations


   Skills:
 - Level 2.4 Dodging
 - Level 2.4 Stealth
 + Level 10.6 Spellcasting
 + Level 9.2 Conjurations
 + Level 9.2 Fire Magic


You had 16 spell levels left.
You knew the following spells:

 Your Spells              Type           Power        Failure   Level  Hunger
a - Flame Tongue          Conj/Fire      #####        1%          1    None
b - Sticky Flame          Conj/Fire      #######.     1%          4    None
c - Conjure Flame         Conj/Fire      #######.     1%          3    None
z - Fireball              Conj/Fire      #######...   1%          5    ###....

Your spell library contained the following spells:

 Spells                   Type           Power        Failure   Level  Hunger
 Apportation              Tloc           #####.       1%          1    None
 Lightning Bolt           Conj/Air       ######....   2%          5    ###....
 Invisibility             Hex            #####...     50%         6    #####..
 Throw Flame              Conj/Fire      ######       1%          2    None
 Regeneration             Chrm/Necr      #####.....   1%          3    None
 Tukima's Dance           Hex            #####...     1%          3    None
 Shock                    Conj/Air       ####         1%          1    None
 Swiftness                Chrm/Air       #####...     1%          2    None
 Airstrike                Air            #####.....   5%          4    None
 Summon Butterflies       Summ           #####...     1%          1    None
 Static Discharge         Conj/Air       ######..     1%          3    None
 Alistair's Intoxication  Tmut/Pois      #####...     13%         5    ###....
 Shroud of Golubria       Chrm/Tloc      #####.....   1%          2    None
 Inner Flame              Hex/Fire       ######..     1%          3    None
 Infusion                 Chrm           ####         1%          1    None
 Song of Slaying          Chrm           #####...     1%          2    None
 Spectral Weapon          Hex/Chrm       #####...     1%          3    None
 Lesser Beckoning         Tloc           #####.....   1%          3    None


Dungeon Overview and Level Annotations

Branches:
Dungeon (8/15)             Temple (1/1) D:5
   Lair: D:8-11

Altars:
Ashenzari
Cheibriados
Dithmenos
Elyvilon
Fedhas
Gozag
Hepliaklqana
Kikubaaqudgha
Makhleb
Nemelex Xobeh
Okawaru
Qazlal
Ru
Sif Muna
Uskayaw
Vehumet
Wu Jian
Xom
Yredelemnul
The Shining One

Annotations:
D:3 2 runed doors, iamserjio's ghost, amateur NaBe


Innate Abilities, Weirdness & Mutations

You have sharp toenails.
You are highly resistant to hostile enchantments. (MR++)
Your spells are a little harder to cast, but a little more powerful.


Message History

* * * LOW HITPOINT WARNING * * *
You are lethally poisoned!
The killer bee poisons you!
* * * LOW HITPOINT WARNING * * *
You feel sick. The killer bee completely misses you.
It was a potion of mutation.
You feel extremely strange.
You feel less in control of your magic.
You feel resistant to hostile enchantments.
You feel more resistant to hostile enchantments.
Your toenails lengthen and sharpen.
The killer bee closely misses you. The killer bee stings you.
* * * LOW HITPOINT WARNING * * *
The killer bee stings you.
* * * LOW HITPOINT WARNING * * *
Okay, then.
It was a potion of brilliance.
You feel clever all of a sudden.
* * * LOW HITPOINT WARNING * * *
You feel sick. The killer bee barely misses you. The killer bee stings you.
You die...

###.###.####.########
#.........#..........
#
#.#.###.#....########
#.##.#.# #.#.#...##
#......# #......#.#
####.### ###.###.##
#..# ##.#.## ..# ##.#
#.....# ..##. #.#
#..@..# ##....# #.#
#.yy..# .....## #.#
#.....# ....... #.##
#.....# ####.#.?...
#..#
###.#####.......#
##.# #.####..y....##.
#.# #..†.yy.[.......#
#.# ######......#####
######.########
#...........


You could see 2 killer bees.

Vanquished Creatures
  A hippogriff (D:7)
  Sigmund (D:4)
  A vampire (D:7)
  A water moccasin (D:6)
  2 orc warriors (D:7)
  An ice beast (D:7)
  2 sky beasts (D:7)
  A centaur (D:6)
  2 ogres
  4 bullfrogs
  11 killer bees
  12 wights
  2 howler monkeys
  2 jellies
  5 orc wizards
  3 orc priests
  A bullfrog skeleton (D:7)
  A centaur skeleton (D:4)
  2 iguanas (D:7)
  5 worker ants
  A worker ant zombie (D:6)
  3 gnolls (D:2)
  10 adders
  A shadow imp (D:5)
  2 oozes (D:4)
  A worm (D:4)
  3 dart slugs
  4 leopard geckos
  22 orcs
  8 bats
  8 giant cockroaches
  9 goblins
  10 hobgoblins
  8 jackals
  5 kobolds
  A ball python skeleton (D:4)
  3 frilled lizards (D:4)
  A jackal zombie (D:5)
  7 rats
167 creatures vanquished.

Notes
Turn   | Place    | Note
-------+----------+-------------------------------------------
     0 | D:1      | pk666 the Deep Elf Fire Elementalist began the quest for the Orb.
     0 | D:1      | Reached XP level 1. HP: 10/10 MP: 6/6
    88 | D:1      | Reached XP level 2. HP: 15/15 MP: 2/8
   670 | D:1      | Reached XP level 3. HP: 19/19 MP: 6/10
  1264 | D:2      | Reached XP level 4. HP: 14/24 MP: 7/11
  1385 | D:2      | Learned a level 4 spell: Sticky Flame
  1697 | D:2      | Found a faded altar of an unknown god.
  1722 | D:2      | Reached skill level 4 in Spellcasting
  1749 | D:2      | Learned a level 3 spell: Conjure Flame
  1854 | D:2      | Found a shadowy altar of Dithmenos.
  2149 | D:3      | Reached XP level 5. HP: 28/28 MP: 10/13
  2861 | D:3      | Found a large runed door.
  2861 | D:3      | Found a large runed door.
  2863 | D:3      | Noticed iamserjio's ghost (amateur NaBe)
  3141 | D:4      | Reached skill level 5 in Spellcasting
  3141 | D:4      | Reached XP level 6. HP: 28/32 MP: 7/15
  3480 | D:4      | Reached skill level 5 in Fire Magic
  3801 | D:4      | Reached skill level 5 in Conjurations
  4026 | D:4      | Found an opulent altar of Gozag.
  4050 | D:4      | Reached XP level 7. HP: 36/36 MP: 6/17
  4054 | D:4      | Reached skill level 6 in Spellcasting
  4248 | D:4      | Noticed Sigmund
  4256 | D:4      | Killed Sigmund
  4667 | D:5      | Entered Level 5 of the Dungeon
  4877 | D:5      | Found Ycol's Magic Scroll Emporium.
  4889 | D:5      | Found a staircase to the Ecumenical Temple.
  4899 | Temple   | Entered the Ecumenical Temple
  5043 | Temple   | Became a worshipper of Vehumet
  5740 | D:6      | Reached skill level 7 in Spellcasting
  6002 | D:6      | Reached XP level 8. HP: 41/41 MP: 14/20
  6304 | D:6      | Learned a level 5 spell: Fireball
  6457 | D:6      | Reached skill level 8 in Spellcasting
  6588 | D:6      | Found a sacrificial altar of Ru.
  6753 | D:7      | Noticed a hippogriff
  7160 | D:7      | Killed a hippogriff
  7160 | D:7      | Reached skill level 9 in Spellcasting
  7160 | D:7      | Reached XP level 9. HP: 45/45 MP: 0/24
  7224 | D:7      | Reached * piety under Vehumet
  7224 | D:7      | Offered knowledge of Magic Dart by Vehumet.
  7590 | D:7      | Found a sparkling altar of Nemelex Xobeh.
  7592 | D:7      | Found a stormy altar of Qazlal.
  7703 | D:7      | Found an ornate altar of the Wu Jian Council.
  7761 | D:7      | Reached skill level 10 in Spellcasting
  7796 | D:7      | Found a white marble altar of Elyvilon.
  7914 | D:7      | Found a shattered altar of Ashenzari.
  8398 | D:8      | Gained mutation: Your spells are a little harder to cast, but a little more powerful. [potion of mutation]
  8398 | D:8      | Gained mutation: You are resistant to hostile enchantments. (MR+) [potion of mutation]
  8398 | D:8      | Gained mutation: You are highly resistant to hostile enchantments. (MR++) [potion of mutation]
  8398 | D:8      | Gained mutation: You have sharp toenails. [potion of mutation]
  8399 | D:8      | HP: 2/45 [poisoned by a killer bee]
  8399 | D:8      | Slain by a killer bee

Vault maps used:
D:1:      lemuel_arrival_hallway, kennysheep_flooded_box
D:2:      chequers_ecumenical_altar_twisty,
          nicolae_dithmenos_through_a_glass_darkly
D:3:      ebering_ghost_disaster_area
D:4:      nicolae_gozag_cash_rules_everything_around_me,
          hangedman_minor_gate_pass, uniq_sigmund
D:5:      minmay_temple_entry_trees, first_ration, serial_shops, shop_statue
D:6:      kennysheep_mini_moat
D:7:      lemuel_round_altar, kennysheep_mini, grunt_temple_overflow_open
D:8:      zin_purify, david_nohive_1, minivault_12, uniq_grum
Temple:   dshaligram_water_room_temple

Skill      XL: |  1  2  3  4  5  6  7  8  9 |
---------------+----------------------------+-----
Conjurations   | 2 3 4 5 6 7 9 |  9.2
Fire Magic     | 4 5 6 7 9 |  9.2
Spellcasting   | 4 5 7 9 10 | 10.6
Dodging        | |  2.4
Stealth        | |  2.4

Action                   |  1- 3 |  4- 6 |  7- 9 || total
-------------------------+-------+-------+-------++-------
Melee: Dagger            |       |       |    29 ||    29
       Staff             |       |       |    37 ||    37
 Cast: Flame Tongue      |    57 |   135 |   164 ||   356
       Conjure Flame     |       |     7 |    18 ||    25
       Sticky Flame      |       |     1 |     8 ||     9
       Fireball          |       |       |    16 ||    16
Evoke: Wand              |       |       |     1 ||     1
  Use: Potion            |       |       |     3 ||     3
  Eat: Chunk             |     1 |     9 |    12 ||    22
       Ration            |       |       |     1 ||     1
Armor: Robe              |     5 |     4 |    47 ||    56
Dodge: Dodged            |    14 |    32 |    81 ||   127

Table legend:
 A = Spawn XP
 B = Non-spawn XP
 C = Spawn XP percentage of total XP
 D = Spawn monster count
 E = Non-spawn monster count
 F = Spawn count percentage of total count
 G = Total turns spent on level
                    A         B        C        D         E        F      G
               +---------+---------+-------+---------+---------+-------+---------
         Total |       0 |    4841 |   0.0 |       0 |     167 |   0.0 |  8399
               +---------+---------+-------+---------+---------+-------+---------
           D:1 |       0 |      44 |   0.0 |       0 |      22 |   0.0 |   755
           D:2 |       0 |     147 |   0.0 |       0 |      18 |   0.0 |  1379
           D:3 |       0 |     102 |   0.0 |       0 |      22 |   0.0 |   879
           D:4 |       0 |     697 |   0.0 |       0 |      31 |   0.0 |  1691
           D:5 |       0 |     148 |   0.0 |       0 |      11 |   0.0 |   874
           D:6 |       0 |     868 |   0.0 |       0 |      17 |   0.0 |  1256
           D:7 |       0 |    2523 |   0.0 |       0 |      41 |   0.0 |  1322
           D:8 |       0 |     312 |   0.0 |       0 |       5 |   0.0 |    85
               +---------+---------+-------+---------+---------+-------+---------
